 Dungeon Crawl Stone Soup version 0.28-a0-851-g8b9cc49659 (webtiles) character file.

Game seed: 6507606900426942160

23 horus123 the Sneak (level 2, 0/15 HPs)
             Began as a Deep Elf Enchanter on Nov 14, 2021.
             Slain by a worm (7 damage)
             ... on level 2 of the Dungeon.
             The game lasted 00:04:26 (1407 turns).

horus123 the Sneak (Deep Elf Enchanter)             Turns: 1407, Time: 00:04:27

Health: 0/15       AC:  3    Str:  5    XL:     2   Next: 75%
Magic:  12/17      EV: 12    Int: 19    God:
Gold:   39         SH:  0    Dex: 15    Spells: 6/8 levels left

rFire   . . .      SeeInvis .   j - +0 short sword
rCold   . . .      Faith    .   (no shield)
rNeg    . . .      Spirit   .   b - +0 robe
rPois   .          Reflect  .   (no helmet)
rElec   .          Harm     .   (no cloak)
rCorr   .          Rampage  .   (no gloves)
Will    .....                   e - +0 pair of boots
Stlth   +++.......              (no amulet)
HPRegen 0.05/turn               f - ring of magical power
MPRegen 0.15/turn               (no ring)

@: no status effects
A: no striking features
a: no special abilities


You were on level 2 of the Dungeon.
You visited 1 branch of the dungeon, and saw 2 of its levels.

You collected 39 gold pieces.

Inventory:

Hand Weapons
 a - a +1 dagger
 j - a +0 short sword (weapon)
Armour
 b - a +0 robe (worn)
 e - a +0 pair of boots (worn)
Jewellery
 f - a ring of magical power (left hand)
Scrolls
 k - a scroll of enchant armour {unknown}
Potions
 c - a potion of invisibility
 d - 2 potions of berserk rage
 g - a potion of curing {unknown}
 h - a potion of resistance {unknown}
 i - a potion of magic {unknown}


   Skills:
 - Level 1.0 Short Blades
 - Level 2.4 Dodging
 - Level 4.3 Stealth
 + Level 3.8 Spellcasting
 - Level 4.2 Hexes


You had 6 spell levels left.
You knew the following spells:

 Your Spells              Type           Power      Damage    Failure   Level
a - Ensorcelled Hibernat  Hex/Ice        22%        N/A       9%          2

Your spell library contained the following spells:

 Spells                   Type           Power      Damage    Failure   Level
 Confusing Touch          Hex            19%        N/A       8%          3
 Tukima's Dance           Hex            19%        N/A       8%          3
 Dazzling Flash           Conj/Hex       22%        N/A       19%         3
 Conjure Flame            Conj/Fire      3%         6-21      38%         3
 Ignite Poison            Fire/Tmut/Pois 3%         N/A       38%         3
 Sticky Flame             Conj/Fire      3%         2d3       80%         4


Dungeon Overview and Level Annotations

Branches:
Dungeon (2/15)

Altars:


Message History

There is a stone staircase leading down here.
You pick up an Everburning Encyclopedia and begin reading...
You add the spells Conjure Flame, Ignite Poison and Sticky Flame to your library.
Found an escape hatch in the floor.
Okay, then.
As you read the scroll labelled JAOVOSIGOEW, it crumbles to dust.
It is a scroll of identify.
d - 2 potions of berserk rage A rat comes into view.
You see here a scroll labelled XOFOIT RYFAL.
k - a scroll labelled XOFOIT RYFAL The rat looks drowsy...
The helpless rat fails to defend itself.
You puncture the rat!
You kill the rat!
A frilled lizard comes into view.
You see here a rat corpse.
A worm comes into view.
Found an escape hatch in the ceiling.
The frilled lizard hisses angrily.
Found a stone staircase leading down.
The frilled lizard looks drowsy...
The helpless frilled lizard fails to defend itself.
You puncture the frilled lizard!
You kill the frilled lizard!
Found a scroll of identify.
There is an escape hatch in the ceiling here.
The worm resists with some effort.
The worm bites you!
Ouch! That really hurt!
You are too injured to fight recklessly!
Aiming: Ensorcelled Hibernation (safe; 9% risk of failure)
Press: ? - help, Q - select action Shift-Dir - straight line, f/p - worm
Aim: a worm (chance to affect: 50%)
The worm looks drowsy...
You are too injured to fight recklessly!
The helpless worm fails to defend itself.
You puncture the worm!
The worm is almost dead.
The worm bites you!
You die...

?.... ' ###
###...... #. ..
#........ #.. #.
#.#.......
...##.##.#.......
...............
##..##..†.........
#>....w@..........
....#..##.........
. ....###.........
...... #...######
..... #..#†# .....
#.##.# ......#.
#.#
.....>..##.####
...........#


You could see a worm.

Vanquished Creatures
  A dart slug (D:1)
  3 ball pythons (D:1)
  An endoplasm (D:1)
  A goblin (D:1)
  A hobgoblin (D:2)
  4 kobolds (D:1)
  A quokka (D:1)
  3 frilled lizards
  8 rats
23 creatures vanquished.

Notes
Turn   | Place    | Note
-------+----------+-------------------------------------------
     0 | D:1      | horus123 the Deep Elf Enchanter began the quest for the
                  | Orb.
     0 | D:1      | Reached XP level 1. HP: 10/10 MP: 6/6
   673 | D:1      | Reached XP level 2. HP: 15/15 MP: 8/8
   772 | D:1      | Learned a level 2 spell: Ensorcelled Hibernation
  1407 | D:2      | Slain by a worm

Illustrated notes

Levels and vault maps discovered:
D:1:      sevenhm_arrival_forest_fort_large_2, layout_rooms
D:2:      layout_rooms, hellmonk_ecumenical_altar_dog_temple, kennysheep_donut,
          minmay_close_crescents, uniq_sigmund, uniq_jessica

Skill      XL: |  1 |
---------------+----+-----
Stealth        | 4 |  4.3
Short Blades   | |  1.0
Dodging        | |  2.4
Spellcasting   | |  3.8
Hexes          | |  4.2

Action                   || total
-------------------------++-------
Melee: Dagger            ||    55
       Short sword       ||     9
 Cast: Ensorcelled Hiber ||    12
  Use: Scroll            ||     1
 Stab: Sleeping          ||    10
Armor: Robe              ||    10
Dodge: Dodged            ||    44

Table legend: (Time is in decaauts)
 A = Elapsed time spent in this place.
 B = Non-inter-level travel time spent in this place.
 C = Inter-level travel time spent in this place.
 D = Time resting spent in this place.
 E = Time spent auto-exploring this place.
 F = Levels seen in this place.
 G = Mean time per level.
                   A        B        C        D        E       F      G
               +--------+--------+--------+--------+--------+-----+--------+
         Total |   1403 |   1397 |      6 |    434 |    732 |   2 |  701.5 |
       Dungeon |   1403 |   1397 |      6 |    434 |    732 |   2 |  701.5 |
               +--------+--------+--------+--------+--------+-----+--------+

Top non-repeatable levels by time:
     D:1: 1336 daAuts
     D:2: 66 daAuts
